 Dungeon Sprint DCSS version 0.21-a0-279-g6037ffb (webtiles) character file.

64 Kidiri the Magician (level 3, -5/19 HPs)
             Began as a Deep Elf Fire Elementalist on Sept 23, 2017.
             Engulfed by a cloud of steam (12 damage)
             ... in the Dungeon (Sprint III: "The Ten Rune Challenge").
             The game lasted 00:03:47 (259 turns).

Kidiri the Magician (Deep Elf Fire Elementalist)     Turns: 259, Time: 00:03:47

Health: -5/19      AC:  2    Str:  7    XL:     3   Next: 91%
Magic:  5/12       EV: 13    Int: 18    God:
Gold:   30         SH:  0    Dex: 15    Spells: 7/16 levels left

rFire    . . .     SeeInvis .   (no weapon)
rCold    . . .     Gourm    .   (no shield)
rNeg     . . .     Faith    .   a - +0 robe
rPois    .         Spirit   .   (no helmet)
rElec    .         Reflect  .   (no cloak)
rCorr    .         Harm     .   (no gloves)
MR       .....     NoTele   +   (no boots)
Stlth    ++........             (no amulet)
HPRegen  0.06/turn              (no ring)
MPRegen  0.13/turn              (no ring)

@: no status effects
A: talons 1, dopey 1, low mp 1, strong 1, subdued magic 1
a: no special abilities


You were in the Dungeon.
You were not hungry.

You visited 1 branch You collected 30 gold pieces.

Inventory:

Armour
 a - a +0 robe (worn)
Scrolls
 i - a scroll of blinking
 m - a scroll of torment {unknown}
 n - 4 scrolls of identify
 o - 3 scrolls of remove curse
 q - a scroll of immolation {unknown}
Potions
 d - 3 potions of curing
 e - a potion of heal wounds
 f - a potion of haste
 g - 2 potions of magic
 h - a potion of berserk rage
 p - a potion of lignification {unknown}
 r - a potion of flight {unknown}
Books
 b - a book of Flames

   Spells                             Type                      Level
   a - Flame Tongue                   Conjuration/Fire             1
   b - Throw Flame                    Conjuration/Fire             2
   c - Conjure Flame                  Conjuration/Fire             3
   d - Inner Flame                    Hexes/Fire                   3
   e - Sticky Flame                   Conjuration/Fire             4
   f - Fireball                       Conjuration/Fire             5
Comestibles
 c - 3 bread rations
 j - 3 chunks of flesh
 k - a meat ration


   Skills:
 - Level 2.4 Dodging
 - Level 2.4 Stealth
 * Level 7.3 Spellcasting
 + Level 1.5 Conjurations
 + Level 6.9 Fire Magic


You had 7 spell levels left.
You knew the following spells:

 Your Spells              Type           Power        Failure   Level  Hunger
a - Flame Tongue          Conj/Fire      ###..        1%          1    None
b - Throw Flame           Conj/Fire      ###...       1%          2    None
c - Conjure Flame         Conj/Fire      ###.....     4%          3    #......
d - Inner Flame           Hex/Fire       ##......     6%          3    #......


Dungeon Overview and Level Annotations

Branches:
Dungeon (1/1)

Altars:


Innate Abilities, Weirdness & Mutations

You have sharp toenails.
You are dopey. (Int -2)
Your magical capacity is low. (-10% MP)
Your muscles are strong. (Str +2)
Your spells are a little easier to cast, but a little less powerful.


Message History

You are engulfed in a cloud of scalding steam.
Ouch! That really hurt!
Casting: Throw Flame
Confirm with . or Enter, or press ? or * to list all spells.
Aiming: Flame Tongue
Press: ? - help, Shift-Dir - straight line, f/p - human
Aim: a human (heavily wounded)
The flame tongue hits the human.
The human is severely wounded.
The human is engulfed in a cloud of scalding steam.
Casting: Flame Tongue
Confirm with . or Enter, or press ? or * to list all spells.
Aiming: Flame Tongue
Press: ? - help, Shift-Dir - straight line, f/p - human
Aim: a human (almost dead)
Your Spellcasting skill increases to level 7!
You feel a bit more experienced.
You are engulfed in a cloud of scalding steam.
Ouch! That really hurt!
You die...

▓▓▓▓▓▓▓▓▓▓▓▓
▓<.#..+....♣♣♣
▓..#..#......♣
▓#'####.....♣♣
▓.....#....≈♣
▓.....#...§≈♣♣
▓....÷#.@§§p≈♣♣
▓####'#..§≈§≈≈≈♣
▓)..).#.≈§≈§≈≈...
▓.....#.≈≈≈≈≈....
▓.....#.≈≈≈......
▓'#####..........
▓................
▓▓▓▓▓▓▓▓▓▓▓▓▓▓▓▓▓


There were no monsters in sight!

Vanquished Creatures
  Jessica (D)
  A human (D)
  A wolf (D)
  An ooze (D)
  2 rats (D)
6 creatures vanquished.

Vanquished Creatures (others)
  A draconian scorcher (D)
  6 hellions (D)
  A yaktaur (D)
8 creatures vanquished.

Grand Total: 14 creatures vanquished

Notes
Turn   | Place    | Note
-------+----------+-------------------------------------------
     0 | D        | Kidiri the Deep Elf Fire Elementalist began the quest for the Orb.
     0 | D        | Reached XP level 1. HP: 10/10 MP: 6/6
     3 | D        | Reached skill level 4 in Spellcasting
    52 | D        | Killed a yaktaur
    94 | D        | Killed a hellion
   112 | D        | Noticed Jessica
   115 | D        | Killed Jessica
   115 | D        | Reached skill level 6 in Spellcasting
   115 | D        | Reached XP level 2. HP: 15/15 MP: 4/11
   115 | D        | Reached XP level 3. HP: 19/19 MP: 4/12
   119 | D        | Learned a level 2 spell: Throw Flame
   123 | D        | Learned a level 3 spell: Conjure Flame
   127 | D        | Learned a level 3 spell: Inner Flame
   131 | D        | Killed a hellion
   131 | D        | Killed a hellion
   131 | D        | Killed a hellion
   131 | D        | Killed a hellion
   216 | D        | Killed a white draconian scorcher
   227 | D        | Gained mutation: Your magical capacity is low. (-10% MP) [potion of mutation]
   227 | D        | Gained mutation: Your magical capacity is very low. (-20% MP) [potion of mutation]
   227 | D        | Gained mutation: You have a pair of small horns on your head. [potion of mutation]
   227 | D        | Gained mutation: You are resistant to electric shocks. (rElec) [potion of mutation]
   228 | D        | Lost mutation: You are resistant to electric shocks. (rElec) [potion of mutation]
   228 | D        | Lost mutation: Your magical capacity is very low. (-20% MP) [potion of mutation]
   228 | D        | Gained mutation: Your muscles are strong. (Str +2) [potion of mutation]
   228 | D        | Gained mutation: Your spells are a little harder to cast, but a little more powerful. [potion of mutation]
   228 | D        | Gained mutation: You are surrounded by a mild repulsion field. (EV +2) [potion of mutation]
   238 | D        | Killed a hellion
   244 | D        | Lost mutation: Your muscles are strong. (Str +2) [potion of mutation]
   244 | D        | Lost mutation: You have a pair of small horns on your head. [potion of mutation]
   244 | D        | Lost mutation: Your spells are a little harder to cast, but a little more powerful. [potion of mutation]
   244 | D        | Lost mutation: You are surrounded by a mild repulsion field. (EV +2) [potion of mutation]
   244 | D        | Gained mutation: Your muscles are strong. (Str +2) [potion of mutation]
   244 | D        | Gained mutation: You are dopey. (Int -2) [potion of mutation]
   244 | D        | Gained mutation: Your spells are a little easier to cast, but a little less powerful. [potion of mutation]
   244 | D        | Gained mutation: You have sharp toenails. [potion of mutation]
   259 | D        | Reached skill level 7 in Spellcasting
   259 | D        | Engulfed by a cloud of steam

Vault maps used:
D:        dungeon_sprint_mu

Skill      XL: |  1  2  3 |
---------------+----------+-----
Spellcasting   | 6 7 |  7.3
Fire Magic     | 6 |  6.9
Dodging        | |  2.4
Stealth        | |  2.4
Conjurations   | |  1.5

Action                   || total
-------------------------++-------
 Cast: Flame Tongue      ||    13
       Throw Flame       ||     4
  Use: Potion            ||     3
Dodge: Dodged            ||     2

Table legend:
 A = Spawn XP
 B = Non-spawn XP
 C = Spawn XP percentage of total XP
 D = Spawn monster count
 E = Non-spawn monster count
 F = Spawn count percentage of total count
 G = Total turns spent on level
                    A         B        C        D         E        F      G
               +---------+---------+-------+---------+---------+-------+---------
         Total |       0 |      92 |   0.0 |       0 |       6 |   0.0 |   259
               +---------+---------+-------+---------+---------+-------+---------
             D |       0 |      92 |   0.0 |       0 |       6 |   0.0 |   259
               +---------+---------+-------+---------+---------+-------+---------
